Map: Nightshade LE

Players

Maru

  • Race: Terran Terran
  • Spawn Location: 5:00

sOs - Winner!

  • Race: Protoss Protoss
  • Spawn Location: 11:00

Event: IEM Katowice 2020

VOD

Have the link to the VOD?

Description

Time

  • Played on: Feb. 29, 2020, 1:36 p.m.
  • Length: 12:59

All games in this series

Show
View Real Time Build Order
Export as new Build Order

Maru Terran 

Build Orders:  

Get SALT Encoding   

  12  0:00  SCV  
  13  0:12  SCV  
  14  0:18  Supply Depot  
  14  0:24  SCV  
  15  0:40  Barracks  
  15  0:51  Barracks  
  15  0:53  SCV  
  16  1:05  SCV  
  16  1:08  Refinery  
  17  1:17  SCV  
  18  1:26  Marine  
  18  1:29  Orbital Command  
  19  1:35  Bunker  
  19  1:39  Marine  
  20  1:44  Marine  
  21  1:50  Supply Depot  
  21  1:56  SCV  
  21  1:57  Marine  
  23  2:11  Marine  
  23  2:12  SCV  
  25  2:15  Factory  
  25  2:20  Marine  
  26  2:24  SCV  
  26  2:29  Marine  
  25  2:36  SCV  
  27  2:43  Bunker  
  27  2:48  SCV  
  27  2:49  Marine  
  29  2:52  Supply Depot  
  29  2:59  Factory Tech Lab  
  29  3:00  SCV  
  29  3:03  Refinery  
  30  3:06  Marine  
  31  3:15  SCV  
  31  3:17  Cyclone  
  35  3:29  SCV  
  35  3:32  Marine  
  37  3:37  Command Center  
  37  3:45  Supply Depot  
  37  3:55  Starport  
  37  3:59  SCV, Bunker  
  38  4:06  Siege Tank  
  40  4:16  SCV  
  37  4:23  Barracks  
  37  4:32  Viking  
  37  4:35  SCV  
  40  4:39  Siege Tank  
  43  4:47  SCV  
  43  4:49  Orbital Command  
  44  4:59  SCV  
  45  5:02  Viking  
  45  5:05  Supply Depot  
  47  5:11  Orbital Command  
  47  5:12  SCV  
  49  5:14  Siege Tank  
  52  5:23  Barracks Reactor  
  52  5:24  SCV  
  49  5:36  SCV  
  49  5:37  SCV  
  51  5:48  SCV  
  51  5:49  SCV  
  50  5:51  Siege Tank  
  53  6:00  SCV, Command Center  
  53  6:02  SCV, Starport Tech Lab  
  55  6:08  Marine x2  
  57  6:14  Bunker, Refinery  
  57  6:17  SCV x2  
  59  6:20  Engineering Bay  
  59  6:24  Supply Depot  
  59  6:29  SCV x2  
  61  6:41  Barracks  
  61  6:42  Barracks  
  61  6:45  Raven, SCV  
  61  6:46  SCV, Supply Depot  
  65  6:47  Refinery  
  65  6:53  Marine, Stimpack  
  66  6:55  Engineering Bay  
  66  7:00  SCV x2  
  68  7:11  Orbital Command  
  68  7:12  SCV  
  69  7:18  SCV  
  70  7:26  Marine  
  66  7:32  SCV  
  66  7:33  SCV  
  66  7:35  Marine x2  
  54  7:38  Banshee  
  54  7:39  Marine  
  54  7:43  Marine  
  57  7:44  SCV  
  57  7:52  Terran Infantry Weapons Level 1, Terran Infantry Armor Level 1  
  57  7:53  Marine x2  
  57  7:57  Marine  
  60  8:01  Marine  
  60  8:04  Factory Tech Lab  
  48  8:09  SCV  
  48  8:11  Marine x2, SCV x2  
  50  8:21  SCV  
  50  8:23  SCV  
  50  8:24  Siege Tank  
  55  8:27  SCV  
  55  8:31  Bunker  
  55  8:33  SCV  
  57  8:35  SCV  
  57  8:36  Engineering Bay  
  57  8:39  SCV  
  57  8:40  Combat Shield  
  59  8:46  Starport Reactor  
  59  8:47  Marine x3  
  62  8:50  SCV  
  62  8:55  Supply Depot  
  63  9:01  SCV x2  
  59  9:04  SCV  
  57  9:13  Marine, SCV  
  57  9:16  Marine  
  54  9:23  SCV x2  
  50  9:28  SCV  
  50  9:30  Medivac  
  53  9:33  Medivac  
  53  9:36  SCV x2  
  57  9:40  SCV  
  57  9:42  Marine x2  
  57  9:43  Marine  
  61  9:50  SCV  
  62  9:56  SCV  
  62  9:57  Marine, Siege Tank  
  62  9:59  Marine x2  
  64  10:01  Marine  
  64  10:06  Barracks  
  67  10:09  Barracks  
  67  10:15  Marine  
  67  10:17  Marine x2  
  67  10:18  Supply Depot  
  67  10:19  Marine  
  71  10:29  Siege Tank  
  71  10:31  Supply Depot  
  71  10:33  Marine  
  71  10:35  Marine  
  76  10:42  Marine x2  
  78  10:43  SCV, Medivac  
  78  10:44  SCV, Supply Depot  
  82  10:51  Marine  
  82  10:53  Marine  
  82  10:54  Marine  
  82  10:55  Marine  
  86  10:59  Marine  
  86  11:00  Marine  
  86  11:04  Marine  
  88  11:08  Marine, Siege Tank  
  88  11:11  Marine  
  93  11:12  Marine  
  93  11:13  Marine  
  93  11:17  Marine x2  
  97  11:21  Marine  
  98  11:26  Marine  
  98  11:28  Marine  
  98  11:30  Marine  
  100  11:33  Marine  
  100  11:35  Marine  
  102  11:44  Marine  
  95  11:54  Marine x2  
  96  12:03  Marine x2  
  61  12:28  Marine  
  61  12:29  Marine x4  
Show
View Real Time Build Order
Export as new Build Order

sOs Protoss - Winner!

Build Orders:  

Get SALT Encoding   

  12  0:00  Probe  
  13  0:12  Probe  
  14  0:17  Pylon  
  14  0:25  Probe (Chrono Boost)  
  15  0:37  Probe (Chrono Boost), Gateway  
  16  0:43  Probe (Chrono Boost)  
  16  0:47  Assimilator  
  17  0:51  Probe  
  18  1:03  Probe  
  19  1:15  Probe  
  20  1:24  Cybernetics Core  
  20  1:25  Zealot  
  22  1:28  Pylon  
  22  1:29  Probe  
  22  1:32  Assimilator  
  23  1:46  Probe  
  24  1:57  Stalker (Chrono Boost)  
  26  2:04  Probe  
  26  2:05  Warp Gate  
  27  2:17  Stalker (Chrono Boost)  
  29  2:29  Probe  
  28  2:33  Pylon  
  28  2:40  Robotics Facility  
  28  2:44  Stalker  
  30  2:52  Gateway  
  30  2:54  Gateway  
  30  3:01  Probe  
  31  3:13  Probe  
  32  3:25  Warp Prism (Chrono Boost)  
  32  3:30  Probe  
  32  3:31  Robotics Bay  
  35  3:52  Pylon  
  35  3:54  Stalker x2  
  39  4:10  Probe, Observer  
  39  4:14  Nexus  
  41  4:20  Gravitic Drive  
  41  4:28  Pylon  
  41  4:30  Disruptor (Chrono Boost)  
  42  4:35  Probe  
  45  4:48  Probe  
  46  5:00  Twilight Council  
  46  5:01  Probe  
  47  5:13  Probe  
  48  5:17  Pylon  
  48  5:25  Probe  
  47  5:37  Probe  
  47  5:39  Charge (Chrono Boost)  
  47  5:40  Probe, Dark Shrine  
  49  5:49  Probe  
  47  5:52  Probe  
  47  5:55  Gateway  
  47  5:57  Gateway  
  48  5:58  Gateway  
  48  6:01  Probe  
  48  6:02  Zealot  
  51  6:10  Zealot x2  
  55  6:14  Probe x2  
  55  6:17  Pylon  
  57  6:23  Observer  
  57  6:26  Zealot  
  59  6:35  Zealot x2  
  63  6:40  Nexus  
  63  6:53  Dark Templar x2  
  66  6:54  Zealot  
  66  6:56  Zealot, Observer  
  71  7:02  Zealot  
  71  7:04  Zealot  
  75  7:09  Probe x2  
  75  7:12  Forge  
  73  7:32  Zealot x6  
  73  7:35  Probe x2  
  73  7:40  Warp Prism (Chrono Boost)  
  73  7:43  Protoss Ground Weapons Level 1 (Chrono Boost)  
  61  8:11  Probe x2  
  59  8:16  Probe  
  60  8:21  Colossus (Chrono Boost)  
  60  8:23  Probe  
  60  8:25  Dark Templar  
  69  8:27  Dark Templar  
  69  8:28  Zealot x4  
  79  8:39  Pylon  
  79  8:40  Probe  
  80  8:41  Probe, Forge  
  80  8:43  Probe  
  82  8:52  Probe  
  83  8:56  Zealot x4  
  83  8:57  Zealot  
  89  9:11  Protoss Ground Armor Level 1 (Chrono Boost)  
  77  9:21  Probe  
  77  9:22  Probe, Dark Templar  
  77  9:23  Zealot x5  
  77  9:29  Gateway  
  77  9:31  Gateway  
  77  9:32  Assimilator  
  77  9:33  Assimilator  
  77  9:43  Stalker x2  
  77  9:44  Stalker  
  77  9:45  Stalker  
  84  9:47  Probe, Shield Battery  
  81  9:58  Protoss Ground Weapons Level 2 (Chrono Boost)  
  81  9:59  Probe  
  82  10:06  Pylon  
  82  10:09  Probe  
  82  10:11  Probe  
  82  10:12  Observer  
  82  10:13  Zealot x6  
  96  10:20  Photon Cannon  
  96  10:24  Colossus (Chrono Boost)  
  102  10:31  Zealot x2  
  106  10:37  Zealot x3  
  112  10:44  Pylon, Sentry, Stalker  
  114  11:08  Twilight Council  
  114  11:10  Pylon  
  114  11:11  Pylon  
  114  11:20  Pylon  
  114  11:22  Pylon  
  114  11:24  Colossus (Chrono Boost)  
  114  11:27  Pylon  
  120  11:37  Stalker x5  
  116  11:48  Zealot x3  
  122  12:01  Zealot x5  
  132  12:08  Zealot x3  
  114  12:23  Zealot x3  
  114  12:24  Zealot x2  
  116  12:35  Zealot x3  
  85  12:56  Stalker x2  

Tags
 
Add a new tag
Caveats
  • Supply blocks, unpowered buildings, or Contaminate may cause inaccurate times.
  • Supply counts are checked every 10 seconds.